 Dungeon Crawl Stone Soup version 0.25.0-9-g26727b657a (webtiles) character file.

Game seed: 17874188486195164268

352 Legioner2108 the Cudgeler (level 6, -14/52 HPs)
             Began as a Minotaur Berserker on June 21, 2020.
             Was a Believer of Trog.
             Killed from afar by a ball python (33 damage)
             ... with an exploding inner flame
             ... hexed by the player character
             ... on level 3 of the Dungeon on June 22, 2020.
             The game lasted 00:30:05 (2689 turns).

Legioner2108 the Cudgeler (Minotaur Berserker)      Turns: 2689, Time: 00:30:06

Health: -14/52     AC: 11    Str: 23    XL:     6   Next: 34%
Magic:  5/5        EV:  9    Int:  4    God:    Trog [**....]
Gold:   113        SH:  0    Dex: 10    Spells: 5/5 levels left

rFire    . . .     SeeInvis .   r - +4 quarterstaff (chaos)
rCold    . . .     Gourm    .   (shield currently unavailable)
rNeg     . . .     Faith    .   u - +0 chain mail
rPois    .         Spirit   .   (helmet restricted)
rElec    .         Reflect  .   s - +0 cloak
rCorr    .         Harm     .   (no gloves)
MR       .....                  (no boots)
Stlth    ..........             (no amulet)
HPRegen  0.17/turn              (no ring)
MPRegen  0.09/turn              (no ring)

@: stab
A: retaliatory headbutt, horns 2
a: Berserk, Trog's Hand, Renounce Religion


You were on level 3 of the Dungeon.
You worshipped Trog.
Trog was pleased with you.
You were hungry.

You visited 1 branch of the dungeon, and saw 3 of its levels.

You collected 113 gold pieces.

Inventory:

Hand Weapons
 a - a +0 mace
 f - a +2 antimagic whip
 p - a +0 falchion
 r - a +4 quarterstaff of chaos (weapon)
 t - a +0 mace
 v - a +3 dire flail
Missiles
 l - a boomerang (quivered)
Armour
 b - a +0 leather armour
 d - a +2 ring mail of cold resistance
 n - a +1 robe of cold resistance
 q - a +0 robe
 s - a +0 cloak (worn)
 u - a +0 chain mail (worn)
Magical Staves
 i - an uncursed staff of earth
Scrolls
 g - 3 scrolls of remove curse
Potions
 e - a potion of degeneration {unknown}
 h - a potion of stabbing
 j - 2 potions of mutation {unknown}
 k - a potion of curing {unknown}
 o - 5 potions of brilliance
Comestibles
 c - 5 rations


   Skills:
 - Level 4.1 Fighting
 - Level 7.0 Maces & Flails
 + Level 5.0 Armour
 - Level 2.3 Dodging


You had 5 spell levels left.
You didn't know any spells.
Your spell library was empty.

Dungeon Overview and Level Annotations

Branches:
Dungeon (3/15)

Altars:

Annotations:
D:3 Sigmund


Innate Abilities, Weirdness & Mutations

You reflexively headbutt those who attack you in melee.
You have a pair of horns on your head.


Message History

You are too injured to fight recklessly!
You are feeling hungry.
Sigmund points at you and mumbles some strange words.
The magic dart hits you!
Sigmund says, "Don't worry, I'll kill you fast."
Sigmund mumbles some strange words.
Sigmund flickers and vanishes!
Deactivating autopickup; reactivate with Ctrl-A.
The ball python misses you. The ball python barely misses you.
There is a transporter here.
Unknown command.
Unknown command.
You enter the transporter and appear at another place.
The ball python barely misses you. The ball python completely misses you.
The ball python closely misses you. You furiously retaliate!
You headbutt the ball python!
The ball python explodes!
The fiery explosion engulfs you!!
Ouch! That really hurt!
You die...

#.......).###...#####...######
#.........# ###.........<.....
#....(....# ########.######
##.......##
#......#....####### ##.......
#.#..#.#........... ###.#...
#..##..#.....###### #.#...
#§.##..#......# ..#....
#.#..#.#©.###.#####
#§@....#....o......
#.#..#(#©........##
#..##..#.........#
#..##..#.........#
#.#..#.#...........
#.....©#..........#
########.######.... ......
.... ...##### ##


There were no monsters in sight!

Vanquished Creatures
  An ogre (D:3)
  The ghost of dricus the Skirmisher, an amateur GrFi (D:3)
  A bullfrog (D:2)
  Crazy Yiuf (D:2)
  3 adders (D:2)
  3 gnolls (D:2)
  A worm (D:2)
  A dart slug (D:1)
  A leopard gecko (D:1)
  3 giant cockroaches
  4 hobgoblins
  A quokka (D:2)
  A ball python (D:1)
  6 bats
  7 frilled lizards
  8 goblins
  5 kobolds
  7 rats
  3 plants (D:1)
58 creatures vanquished.

Vanquished Creatures (others)
  2 orcs (D:3)
2 creatures vanquished.

Grand Total: 60 creatures vanquished

Notes
Turn   | Place    | Note
-------+----------+-------------------------------------------
     0 | D:1      | Legioner2108 the Minotaur Berserker began the quest for the
                  | Orb.
     0 | D:1      | Reached XP level 1. HP: 19/19 MP: 0/0
   384 | D:1      | Reached XP level 2. HP: 27/27 MP: 1/1
   421 | D:1      | Reached skill level 4 in Maces & Flails
   825 | D:2      | Noticed a bullfrog
   830 | D:2      | Killed a bullfrog
   830 | D:2      | Reached skill level 5 in Maces & Flails
   830 | D:2      | Reached XP level 3. HP: 33/33 MP: 2/2
   830 | D:2      | Reached XP level 4. HP: 40/40 MP: 3/3
   983 | D:2      | Reached ** piety under Trog
   983 | D:2      | Reached skill level 6 in Maces & Flails
  1545 | D:2      | Reached XP level 5. HP: 46/46 MP: 1/4
  2121 | D:2      | Found a runed translucent door.
  2122 | D:2      | Noticed Crazy Yiuf
  2138 | D:2      | Killed Crazy Yiuf
  2138 | D:2      | Reached skill level 7 in Maces & Flails
  2454 | D:3      | Noticed dricus's ghost (amateur GrFi)
  2455 | D:3      | Found a transporter.
  2455 | D:3      | Noticed an ogre
  2462 | D:3      | Found a transporter.
  2480 | D:3      | Killed an ogre
  2480 | D:3      | Reached XP level 6. HP: 48/52 MP: 5/5
  2485 | D:3      | Killed dricus's ghost
  2485 | D:3      | Reached skill level 5 in Armour
  2654 | D:3      | Noticed Sigmund
  2689 | D:3      | Killed from afar by a ball python

Illustrated notes

Levels and vault maps discovered:
D:1:      lightli_arrival_farm, layout_rooms, grunt_decor_one_mirror,
          minmay_misc_feat_plants, minivault_5
D:2:      layout_basic, kennysheep_generic_room_3, uniq_crazy_yiuf_cottage
D:3:      layout_rooms, gammafunk_ghost_smash, lemuel_flame_loot_1, uniq_sigmund

Skill      XL: |  1  2  3  4  5  6 |
---------------+-------------------+-----
Fighting       | 4 |  4.1
Maces & Flails | 5 6 7 |  7.0
Armour         | 4 5 |  5.0
Dodging        | |  2.3

Action                   |  1- 3 |  4- 6 || total
-------------------------+-------+-------++-------
Melee: Mace              |   106 |     9 ||   115
       Headbutt          |    35 |     9 ||    44
       Whip              |       |    60 ||    60
       Quarterstaff      |       |    20 ||    20
Throw: Boomerang         |       |    14 ||    14
Invok: Berserk           |       |     2 ||     2
  Use: Scroll            |     5 |     8 ||    13
       Potion            |       |     2 ||     2
  Eat: Chunk             |       |     4 ||     4
       Ration            |       |     1 ||     1
Armor: Ring mail         |    18 |    16 ||    34
       Chain mail        |       |     6 ||     6
Dodge: Dodged            |    19 |    37 ||    56
